 Dungeon Crawl Stone Soup version 0.18-a0-1702-gd20c6a5 (webtiles) character file.

190 wvc the Grave Robber (level 5, -4/28 HPs)
             Began as a Vine Stalker Necromancer on Apr 6, 2016.
             Slain by an adder (5 damage)
             ... on level 4 of the Dungeon.
             The game lasted 00:09:55 (3008 turns).

wvc the Grave Robber (Vine Stalker Necromancer)     Turns: 3008, Time: 00:09:56

Health: -4/28      AC:  0    Str: 15 (16) XL:     5   Next: 69%
Magic:  0/18       EV: 13    Int: 15 (16) God:
Gold:   113        SH:  0    Dex: 14      Spells: 4 memorised, 0 levels left

rFire  . . .     SeeInvis .     d - +1 dagger
rCold  . . .     Gourm    .     a - +0 robe
rNeg   . . .     Faith    .     (no shield)
rPois  .         Spirit   +     j - +0 helmet
rElec  .         Dismiss  .     (no cloak)
rCorr  .         Reflect  .     (no gloves)
SustAt .         Harm     .     (no boots)
MR     .....                    (no amulet)
Stlth  ++........               c - ring of magical power
                                n - -3 ring of protection (curse)

@: mighty, lethally poisoned (-4 -> -5), very slightly contaminated, not
resistant to hostile enchantments, unstealthy
A: fangs 2, regeneration 1, magic shield, antimagic bite, no device heal 3, rot
immunity
a: no special abilities


You were on level 4 of the Dungeon.
You were not hungry.

You visited 1 branch of the dungeon, and saw 4 of its levels.

You collected 113 gold pieces.

Inventory:

Hand Weapons
 d - a +1 dagger (weapon)
Missiles
 e - a throwing net (quivered)
 l - a poisoned needle
Armour
 a - a +0 robe (worn)
 j - a +0 helmet (worn)
Jewellery
 c - a ring of magical power (right hand)
 k - an uncursed ring of fire
 n - a cursed -3 ring of protection (left hand)
 r - an uncursed ring of protection from magic
 t - an uncursed ring of positive energy
Scrolls
 f - a scroll of teleportation
 g - a scroll of immolation
 h - 2 scrolls of blinking
 q - a scroll of identify
 s - a scroll of enchant weapon
 x - a scroll of recharging
Potions
 i - a potion of agility
 p - a potion of curing {unknown}
 u - a potion of flight
 v - a potion of heal wounds {unknown}
Books
 b - a book of Necromancy

   Spells                             Type                      Level
   a - Pain                           Necromancy                   1
   b - Animate Skeleton               Necromancy                   1
   c - Vampiric Draining              Necromancy                   3
   d - Regeneration                   Charms/Necromancy            3
   e - Animate Dead                   Necromancy                   4
   f - Control Undead                 Necromancy                   4
Comestibles
 m - 2 bread rations
 w - 3 chunks of flesh


   Skills:
 * Level 2.9 Fighting
 + Level 0.3 Short Blades
 + Level 3.5 Dodging
 - Level 2.4 Stealth
 - Level 2.1 Spellcasting
 - Level 4.1 Necromancy


You couldn't memorise any spells.
You knew the following spells:

 Your Spells              Type           Power        Failure   Level  Hunger
a - Pain                  Necr           ##..         4%          1    #......
b - Animate Skeleton      Necr           N/A          4%          1    #......
c - Vampiric Draining     Necr           ##........   14%         3    ###....
d - Regeneration          Chrm/Necr      #.........   30%         3    ###....


Dungeon Overview and Level Annotations

Branches:
Dungeon (4/15)
 Temple: D:4-7

Altars:
Fedhas
Qazlal
Ru
Trog


Innate Abilities, Weirdness & Mutations

You have extremely sharp teeth.
Your natural rate of healing is unusually fast.
When hurt, damage is shared between your health and your magic reserves.
Your bite disrupts and absorbs the magic of your enemies.
Potions and wands cannot restore your health.
You are immune to rotting.


Message History

Confirm with . or Enter, or press ? or * to list all spells.
Aiming: Pain
Press: ? - help, Shift-Dir - straight line, f/p - adder
Aim: an adder (almost dead, chance to defeat MR: 79%)
The adder barely resists.
* * * LOW HITPOINT WARNING * * *
You feel sick. The adder barely misses you. The adder closely misses you.
Casting: Pain
Confirm with . or Enter, or press ? or * to list all spells.
You don't have enough magic to cast that spell.
No previous command to re-do.
You hit the adder. Your bite misses the adder.
The adder is almost dead.
The adder misses you.
Drink which item? (? for menu, Esc to quit)
It was a potion of might.
You feel very mighty all of a sudden.
* * * LOW HITPOINT WARNING * * *
You feel sick. The adder bites you.
You die...

#.....≈≈# ......
#.....≈)'># .......
#.....≈≈####.......#
#......≈##..........#
#.....≈≈##..........#
#.#.########..........#
#.....#..$...........#
#...##.#####..........#
#.#.##.)@S.....)......##
#.#.########.#..........
..#.# #.##.>....... .>
#.# #.##......... ##.
#.# #.##....(.... #.
#.##.........
#..########## ##.


You could see an adder.

Vanquished Creatures
  A howler monkey (D:4)
  Robin (D:2)
  3 adders
  2 oozes (D:1)
  4 worms
  2 dart slugs (D:1)
  3 giant geckos
  2 orcs (D:4)
  9 bats
  2 giant cockroaches
  21 goblins
  11 hobgoblins
  3 jackals (D:1)
  A ball python (D:2)
  3 giant newts (D:1)
  8 kobolds (D:1)
  8 rats
84 creatures vanquished.

Notes
Turn   | Place    | Note
--------------------------------------------------------------
     0 | D:1      | wvc the Vine Stalker Necromancer began the quest for the Orb.
     0 | D:1      | Reached XP level 1. HP: 9/9 MP: 4/4
     2 | D:1      | Learned a level 1 spell: Animate Skeleton
   151 | D:1      | Reached skill level 1 in Fighting
   151 | D:1      | Reached XP level 2. HP: 11/14 MP: 1/6
   306 | D:1      | Reached XP level 3. HP: 16/18 MP: 1/7
   331 | D:1      | Learned a level 3 spell: Vampiric Draining
   969 | D:2      | Reached XP level 4. HP: 14/23 MP: 5/8
  1590 | D:2      | Noticed Robin
  1692 | D:2      | Killed Robin
  2123 | D:3      | Reached XP level 5. HP: 21/27 MP: 9/9
  2191 | D:3      | Found a stormy altar of Qazlal.
  2191 | D:3      | Noticed a fire elemental
  2191 | D:3      | Noticed a water elemental
  2191 | D:3      | Noticed an air elemental
  2293 | D:3      | Found a bloodstained altar of Trog.
  2293 | D:3      | Found a sacrificial altar of Ru.
  2784 | D:3      | Found a blossoming altar of Fedhas.
  2958 | D:4      | Learned a level 3 spell: Regeneration
  3006 | D:4      | HP: 1/28 [poisoned by an adder]
  3008 | D:4      | Slain by an adder

Vault maps used:
D:1:      eino_arrival_cavern_a
D:2:      wad_pebble_path, first_bread, nrook_mini_backslash, uniq_robin
D:3:      nicolae_qazlal_style_of_elements, gammafunk_temple_overflow_elements,
          fedhas_altar_4
D:4:      gup_sewer_entry_glass, minmay_goblin_outpost

Skill      XL: |  1  2  3  4  5 |
---------------+----------------+-----
Fighting       | 1 2 |  2.9
Dodging        | 2 3 |  3.5
Short Blades   | |  0.3
Stealth        | |  2.4
Spellcasting   | |  2.1
Necromancy     | |  4.1

Action                   |  1- 3 |  4- 6 || total
-------------------------+-------+-------++-------
Melee: Unarmed           |     1 |       ||     1
       Dagger            |    64 |    53 ||   117
 Cast: Pain              |    40 |   109 ||   149
  Use: Scroll            |     3 |     6 ||     9
       Potion            |     2 |     1 ||     3
 Stab: Sleeping          |     1 |       ||     1
  Eat: Bread ration      |     1 |       ||     1
       Chunk             |       |     5 ||     5
